 Dungeon Crawl Stone Soup version 0.21-a0-442-g848f44b (webtiles) character file.

308 KristoblXynda the Charlatan (level 6, 0/47 HPs)
             Began as a Draconian Artificer on Nov 12, 2017.
             Was a Follower of Ashenzari.
             Killed by divine providence
             ... invoked by an orc priest
              (15 damage)
             ... on level 4 of the Dungeon.
             The game lasted 00:06:20 (4602 turns).

KristoblXynda the Charlatan (Draconian Artificer)   Turns: 4602, Time: 00:06:21

Health: 0/47       AC:  6    Str: 19    XL:     6   Next: 17%
Magic:  9/9        EV: 12    Int: 14    God:    Ashenzari [*.....]
Gold:   208        SH:  4    Dex: 11    Spells: 5/5 levels left

rFire    . . .     SeeInvis .   q - +2 dagger (flame)
rCold    . . .     Gourm    .   g - +0 buckler (curse)
rNeg     . . .     Faith    .   (armour unavailable)
rPois    .         Spirit   .   (helmet restricted)
rElec    .         Reflect  .   (no cloak)
rCorr    .         Harm     .   (no gloves)
MR       .....                  (no boots)
Stlth    +.........             (no amulet)
HPRegen  0.15/turn              s - +5 ring of strength (curse)
MPRegen  0.11/turn              (no ring)

@: no status effects
A: unfitting armour, cold-blooded, AC +6
a: Curse Item, Scrying, Renounce Religion


You were on level 4 of the Dungeon.
You worshipped Ashenzari.
Ashenzari was aware of your devotion.
You were not hungry.

You visited 1 branch of the dungeon, and saw 4 of its levels.

You collected 208 gold pieces.

Inventory:

Hand Weapons
 q - a +2 dagger of flaming (weapon)
Armour
 g - a cursed +0 buckler (worn)
Jewellery
 s - a cursed +5 ring of strength (left hand)
Wands
 b - a wand of flame (9/48)
 c - a wand of enslavement (15/24)
 d - a wand of random effects (0/48)
Potions
 e - a potion of curing {unknown}
 i - a potion of might
 j - a potion of brilliance {unknown}
 k - a potion of heal wounds
 o - 2 potions of lignification
 p - a potion of mutation {unknown}
Comestibles
 f - 4 bread rations
 h - 3 fruits
 m - 2 meat rations


   Skills:
 - Level 1.1 Fighting
 + Level 3.6 Short Blades
 - Level 3.0 Dodging
 - Level 0.8 Stealth
 + Level 1.9 Shields
 + Level 4.7 Evocations


You had 5 spell levels left.
You didn't know any spells.

Dungeon Overview and Level Annotations

Branches:
Dungeon (4/15)
 Temple: D:4-7

Altars:
Ashenzari


Innate Abilities, Weirdness & Mutations

Your plain brown scales are hard. (AC +6)
You cannot fit into any form of body armour.
You are cold-blooded and may be slowed by cold attacks.


Message History

The orc priest begins to cast a cantrip, but forgets the words!
The orc priest looks encouraged for a moment.
You see here a tomahawk.
You see here a tomahawk.
The orc priest casts a cantrip, but nothing happens.
Evoke which item? (* to show all) (? for menu, Esc to quit)
Aiming: Random Effects
Press: ? - help, Shift-Dir - straight line, f/p - orc priest
Aim: an orc priest, wielding a dagger (moderately wounded)
The puff of frost hits something.
Reactivating autopickup.
You feel a bit more experienced.
This wand has 1 charge left.
Evoke which item? (* to show all) (? for menu, Esc to quit)
Aiming: Random Effects
Press: ? - help, Shift-Dir - straight line, f/p - orc priest
Aim: an orc priest, wielding a dagger (moderately wounded)
The orc barely resists.
This wand has 0 charges left.
The orc priest calls down the wrath of Beogh upon you.
Beogh smites you!
You die...

#<...#.##.#
.......>####.##.#
#####.... ...#.#
###.## ####.# #.#
#.# #.# #.# #.#
#.# #.# #.# #@#
#.# #o# #.# #o#
#)# #o# #.# #)#


You could see an orc priest and 2 orcs.

Vanquished Creatures
  The ghost of KristoblXynda the Shield-Bearer, an amateur DrFi (D:3)
  An orc wizard (D:4)
  Natasha (twice) (D:2)
  Robin (D:3)
  2 adders
  4 worms
  3 dart slugs (D:1)
  4 leopard geckos
  3 orcs
  2 giant cockroaches
  20 goblins
  9 hobgoblins
  4 jackals (D:3)
  8 kobolds
  A quokka (D:2)
  2 ball pythons
  9 bats
  4 frilled lizards
  11 rats
91 creatures vanquished.

Notes
Turn   | Place    | Note
-------+----------+-------------------------------------------
     0 | D:1      | KristoblXynda the Draconian Artificer began the quest for the Orb.
     0 | D:1      | Reached XP level 1. HP: 16/16 MP: 3/3
   307 | D:1      | Reached XP level 2. HP: 22/23 MP: 4/4
   880 | D:1      | Reached XP level 3. HP: 22/28 MP: 5/5
  1595 | D:2      | Found a shattered altar of Ashenzari.
  1603 | D:2      | Became a worshipper of Ashenzari the Shackled
  1669 | D:2      | Noticed Natasha
  1679 | D:2      | Killed Natasha
  1679 | D:2      | Reached XP level 4. HP: 11/35 MP: 6/6
  1837 | D:2      | Noticed Natasha
  1843 | D:2      | Killed Natasha
  2210 | D:2      | Reached skill level 4 in Evocations
  3003 | D:3      | Reached XP level 5. HP: 28/40 MP: 8/8
  3095 | D:3      | Noticed Robin
  3142 | D:3      | Killed Robin
  3431 | D:3      | Noticed KristoblXynda's ghost (amateur DrFi)
  3542 | D:3      | Reached * piety under Ashenzari
  3592 | D:3      | Killed KristoblXynda's ghost
  3592 | D:3      | Reached skill level 1 in Shields
  3592 | D:3      | Reached XP level 6. HP: 36/47 MP: 9/9
  4602 | D:4      | Killed from afar by an orc priest

Vault maps used:
D:1:      arrival_zaba_pyramid
D:2:      evilmike_ruin_ashenzari, first_bread, uniq_natasha
D:3:      kennysheep_pointless_box, uniq_robin
D:4:      lemuel_round_altar

Skill      XL: |  1  2  3  4  5 |
---------------+----------------+-----
Dodging        | 2 3 |  3.0
Short Blades   | 2 3 |  3.6
Evocations     | 4 |  4.7
Shields        | 1 |  1.9
Fighting       | |  1.1
Stealth        | |  0.8

Action                   |  1- 3 |  4- 6 || total
-------------------------+-------+-------++-------
Melee: Short sword       |   109 |    46 ||   155
       Tailslap          |     9 |    12 ||    21
       Dagger            |       |   162 ||   162
Invok: Curse Item        |       |     1 ||     1
Evoke: Wand              |     4 |    17 ||    21
  Use: Potion            |     2 |     1 ||     3
       Scroll            |     1 |     7 ||     8
 Stab: Sleeping          |     2 |     1 ||     3
  Eat: Chunk             |     2 |     8 ||    10
       Royal jelly       |       |     1 ||     1
Armor: Skin              |    39 |    51 ||    90
Dodge: Dodged            |    85 |   107 ||   192
Block: Buckler           |       |    16 ||    16

Table legend:
 A = Spawn XP
 B = Non-spawn XP
 C = Spawn XP percentage of total XP
 D = Spawn monster count
 E = Non-spawn monster count
 F = Spawn count percentage of total count
 G = Total turns spent on level
                    A         B        C        D         E        F      G
               +---------+---------+-------+---------+---------+-------+---------
         Total |       0 |     441 |   0.0 |       0 |      91 |   0.0 |  4602
               +---------+---------+-------+---------+---------+-------+---------
           D:1 |       0 |      53 |   0.0 |       0 |      28 |   0.0 |  1269
           D:2 |       0 |     119 |   0.0 |       0 |      21 |   0.0 |  1569
           D:3 |       0 |     224 |   0.0 |       0 |      40 |   0.0 |  1697
           D:4 |       0 |      45 |   0.0 |       0 |       2 |   0.0 |    67
               +---------+---------+-------+---------+---------+-------+---------
